 Dungeon Crawl Stone Soup version 0.23.0-3-gf3c87f2 (webtiles) character file.

Game seed: 3785677286839905856

1747 vishdafish the Charmwright (level 9, -1/69 HPs)
             Began as a Gnoll Skald on Feb 20, 2019.
             Was a Believer of Okawaru.
             Slain by an iguana (11 damage)
             ... on level 6 of the Dungeon.
             The game lasted 00:08:01 (4814 turns).

vishdafish the Charmwright (Gnoll Skald)            Turns: 4814, Time: 00:08:02

Health: -1/69      AC:  3    Str: 14    XL:     9   Next: 6%
Magic:  11/18      EV: 15    Int: 18    God:    Okawaru [**....]
Gold:   253        SH:  5    Dex: 15    Spells: 15/20 levels left

rFire    . . .     SeeInvis .   r - +1 trident (holy)
rCold    . . .     Gourm    .   o - +0 buckler
rNeg     . . .     Faith    .   b - +0 leather armour
rPois    .         Spirit   .   (no helmet)
rElec    .         Reflect  .   (no cloak)
rCorr    .         Harm     .   (no gloves)
MR       .....                  (no boots)
Stlth    ++........             (no amulet)
HPRegen  0.21/turn              (no ring)
MPRegen  0.16/turn              (no ring)

@: lethally poisoned (-1 -> -2), infused (expiring)
A: distributed training, fangs 1, strong nose
a: Heroism, Renounce Religion


You were on level 6 of the Dungeon.
You worshipped Okawaru.
Okawaru was pleased with you.
You were not hungry.

You visited 2 branches of the dungeon, and saw 7 of its levels.

You collected 253 gold pieces.

Inventory:

Hand Weapons
 a - a +0 falchion
 r - a +1 trident of holy wrath (weapon)
 s - a +1 falchion of protection
Missiles
 v - 3 tomahawks (quivered)
 y - 2 tomahawks of returning
Armour
 b - a +0 leather armour (worn)
 f - a +0 pair of gloves
 o - a +0 buckler (worn)
Scrolls
 c - 14 scrolls of identify {unknown}
 e - a scroll of enchant weapon {unknown}
 j - 7 scrolls of remove curse {unknown}
 k - 4 scrolls of teleportation {unknown}
 m - 2 scrolls of magic mapping {unknown}
 q - a scroll of enchant armour {unknown}
 x - a scroll of amnesia {unknown}
Potions
 g - 2 potions of curing {unknown}
 h - a potion of berserk rage {unknown}
 i - a potion of haste {unknown}
 l - 2 potions of agility {unknown}
 n - a potion of might {unknown}
 p - 2 potions of mutation {unknown}
 t - a potion of flight {unknown}
 u - 2 potions of brilliance {unknown}
 w - a potion of heal wounds {unknown}
Comestibles
 d - 8 rations


   Skills:
 + Level 6.0 Fighting
 + Level 3.7 Short Blades
 + Level 6.0 Long Blades
 + Level 3.7 Axes
 + Level 3.7 Maces & Flails
 + Level 3.7 Polearms
 + Level 3.7 Staves
 + Level 3.7 Slings
 + Level 3.7 Bows
 + Level 3.7 Crossbows
 + Level 3.7 Throwing
 + Level 4.6 Armour
 + Level 6.0 Dodging
 + Level 3.7 Stealth
 + Level 3.7 Shields
 + Level 3.7 Unarmed Combat
 + Level 6.3 Spellcasting
 + Level 3.1 Conjurations
 + Level 3.1 Hexes
 + Level 6.3 Charms
 + Level 3.1 Summonings
 + Level 3.1 Necromancy
 + Level 3.1 Translocations
 + Level 3.1 Transmutations
 + Level 3.1 Fire Magic
 + Level 3.1 Ice Magic
 + Level 3.1 Air Magic
 + Level 3.1 Earth Magic
 + Level 3.1 Poison Magic
 + Level 4.1 Invocations
 + Level 3.7 Evocations


You had 15 spell levels left.
You knew the following spells:

 Your Spells              Type           Power        Failure   Level  Hunger
a - Infusion              Chrm           ####         1%          1    None
b - Song of Slaying       Chrm           ####....     1%          2    None
c - Shroud of Golubria    Chrm/Tloc      ###.......   3%          2    None

Your spell library contained the following spells:

 Spells                   Type           Power        Failure   Level  Hunger
 Flame Tongue             Conj/Fire      ###..        4%          1    None
 Throw Flame              Conj/Fire      ###...       6%          2    None
 Regeneration             Chrm/Necr      ###.......   6%          3    ##.....
 Spectral Weapon          Hex/Chrm       ###.....     6%          3    ##.....
 Conjure Flame            Conj/Fire      ###.....     12%         3    ##.....
 Inner Flame              Hex/Fire       ###.....     12%         3    ##.....
 Sticky Flame             Conj/Fire      ###.....     38%         4    ####...
 Fireball                 Conj/Fire      ###.......   75%         5    #####..


Dungeon Overview and Level Annotations

Branches:
Dungeon (6/15)             Temple (1/1) D:4

Altars:
Ashenzari
Cheibriados
Dithmenos
Elyvilon
Fedhas
Gozag
Hepliaklqana
Nemelex Xobeh
Okawaru
Qazlal
Ru
Sif Muna
Trog
Uskayaw
Vehumet
Xom
Yredelemnul
Zin
The Shining One

Annotations:
D:6 2 transporters, Catiua's ghost, novice NaWr


Innate Abilities, Weirdness & Mutations

Your experience applies equally to all skills.
You have very sharp teeth.
Your uncanny sense of smell can sniff out nearby items.


Message History

The hound is moderately wounded.
You block the hound's attack.
You closely miss the hound.
The hound is moderately wounded.
Your magical infusion is running out.
You feel sick. The hound barely misses you. The hound closely misses you.
You hit the hound!
The hound is almost dead.
You block the hound's attack. The hound closely misses you.
You hit the hound!
You kill the hound!
Okawaru accepts your kill.
You hit the iguana.
The iguana is moderately wounded.
You feel sick. The iguana bites you!
* * * LOW HITPOINT WARNING * * *
You hit the iguana.
The iguana is moderately wounded.
The iguana bites you!
You die...

#. #...# #.## #...# ...#
#...# #..# #...# ##
#..########...####... #
..##.............# #
#..#.##.#..............# #
........#..............###
........l@.#####...####...
...#.#.##...####...# #.# .
>......©.©.......# #.#
....#############..#####.#
....#...OOWO...©#..[..##.#
....#..##...##..#.....##..
## #.# .#.#..#.#.......##
#. ..#.#.. .#.......# #
.##...## #.......##


You could see 3 ogres, an iguana and Catiua's ghost.

Vanquished Creatures
  A centaur skeleton (D:5)
  An ice beast (D:5)
  A phantom (D:5)
  2 ogres
  A necrophage (D:5)
  A bullfrog (D:4)
  2 scorpions
  A howler monkey (D:4)
  4 crimson imps (D:5)
  2 bullfrog zombies
  A jelly (D:6)
  4 hounds
  A bullfrog skeleton (D:4)
  An orc priest (D:4)
  5 orc wizards
  Jessica (D:3)
  An iguana (D:5)
  2 worker ants
  A hound zombie (D:6)
  A hound skeleton (D:4)
  A howler monkey zombie (D:5)
  6 adders
  3 oozes
  2 adder zombies (D:5)
  2 worms (D:2)
  3 dart slugs
  5 leopard geckos
  7 orcs
  5 bats
  6 giant cockroaches
  3 goblins
  7 hobgoblins
  11 jackals
  2 quokkas (D:2)
  3 ball pythons
  6 frilled lizards
  8 kobolds
  A leopard gecko zombie (D:5)
  7 rats
122 creatures vanquished.

Notes
Turn   | Place    | Note
-------+----------+-------------------------------------------
     0 | D:1      | vishdafish the Gnoll Skald began the quest for the Orb.
     0 | D:1      | Reached XP level 1. HP: 20/20 MP: 6/6
   246 | D:1      | Reached XP level 2. HP: 25/26 MP: 7/7
   647 | D:2      | Reached XP level 3. HP: 27/31 MP: 9/9
   703 | D:2      | Reached skill level 5 in Spellcasting
  1165 | D:2      | Reached skill level 1 in Invocations
  1192 | D:2      | Reached skill level 1 in Short Blades
  1192 | D:2      | Reached skill level 1 in Axes
  1192 | D:2      | Reached skill level 1 in Maces & Flails
  1192 | D:2      | Reached skill level 1 in Polearms
  1192 | D:2      | Reached skill level 1 in Staves
  1192 | D:2      | Reached skill level 1 in Slings
  1192 | D:2      | Reached skill level 1 in Bows
  1192 | D:2      | Reached skill level 1 in Crossbows
  1192 | D:2      | Reached skill level 1 in Throwing
  1192 | D:2      | Reached skill level 1 in Stealth
  1192 | D:2      | Reached skill level 1 in Shields
  1192 | D:2      | Reached skill level 1 in Unarmed Combat
  1192 | D:2      | Reached skill level 1 in Evocations
  1192 | D:2      | Reached XP level 4. HP: 25/38 MP: 4/11
  1468 | D:2      | Reached skill level 1 in Conjurations
  1468 | D:2      | Reached skill level 1 in Hexes
  1468 | D:2      | Reached skill level 1 in Summonings
  1468 | D:2      | Reached skill level 1 in Necromancy
  1468 | D:2      | Reached skill level 1 in Translocations
  1468 | D:2      | Reached skill level 1 in Transmutations
  1468 | D:2      | Reached skill level 1 in Fire Magic
  1468 | D:2      | Reached skill level 1 in Ice Magic
  1468 | D:2      | Reached skill level 1 in Air Magic
  1468 | D:2      | Reached skill level 1 in Earth Magic
  1468 | D:2      | Reached skill level 1 in Poison Magic
  1680 | D:3      | Noticed Jessica
  1687 | D:3      | Killed Jessica
  1687 | D:3      | Reached XP level 5. HP: 40/43 MP: 12/12
  2307 | D:4      | Found a staircase to the Ecumenical Temple.
  2307 | D:4      | Noticed an ogre
  2338 | D:3      | Learned a level 2 spell: Song of Slaying
  2341 | D:3      | Learned a level 2 spell: Shroud of Golubria
  2347 | D:4      | Killed an ogre
  2347 | D:4      | Reached XP level 6. HP: 19/50 MP: 6/13
  2357 | Temple   | Entered the Ecumenical Temple
  2536 | Temple   | Became a worshipper of Warmaster Okawaru
  2589 | D:4      | Reached skill level 5 in Fighting
  2589 | D:4      | Reached skill level 5 in Long Blades
  2589 | D:4      | Reached skill level 5 in Dodging
  2829 | D:4      | Reached XP level 7. HP: 38/56 MP: 15/15
  3181 | D:4      | Reached * piety under Okawaru
  3419 | D:5      | Entered Level 5 of the Dungeon
  3429 | D:5      | Reached XP level 8. HP: 63/63 MP: 16/16
  3622 | D:5      | Reached ** piety under Okawaru
  3999 | D:5      | Found a deep blue altar of Sif Muna.
  4698 | D:6      | Reached XP level 9. HP: 64/69 MP: 12/18
  4755 | D:6      | Found a transporter.
  4755 | D:6      | Found a transporter.
  4757 | D:6      | Noticed Catiua's ghost (novice NaWr)
  4758 | D:6      | Identified the cursed +1 great mace of Oenomania {venom,
                  | rElec Int+4}
  4814 | D:6      | Slain by an iguana

Skill      XL: |  1  2  3  4  5  6  7  8  9 |
---------------+----------------------------+-----
Spellcasting   | 5 6 |  6.3
Invocations    | 1 2 3 4 |  4.1
Short Blades   | 1 2 3 |  3.7
Axes           | 1 2 3 |  3.7
Maces & Flails | 1 2 3 |  3.7
Polearms       | 1 2 3 |  3.7
Staves         | 1 2 3 |  3.7
Slings         | 1 2 3 |  3.7
Bows           | 1 2 3 |  3.7
Crossbows      | 1 2 3 |  3.7
Throwing       | 1 2 3 |  3.7
Stealth        | 1 2 3 |  3.7
Shields        | 1 2 3 |  3.7
Unarmed Combat | 1 2 3 |  3.7
Evocations     | 1 2 3 |  3.7
Conjurations   | 1 2 3 |  3.1
Hexes          | 1 2 3 |  3.1
Summonings     | 1 2 3 |  3.1
Necromancy     | 1 2 3 |  3.1
Translocations | 1 2 3 |  3.1
Transmutations | 1 2 3 |  3.1
Fire Magic     | 1 2 3 |  3.1
Ice Magic      | 1 2 3 |  3.1
Air Magic      | 1 2 3 |  3.1
Earth Magic    | 1 2 3 |  3.1
Poison Magic   | 1 2 3 |  3.1
Armour         | 3 4 |  4.6
Fighting       | 5 6 |  6.0
Long Blades    | 5 6 |  6.0
Dodging        | 5 6 |  6.0
Charms         | 6 |  6.3

Action                   |  1- 3 |  4- 6 |  7- 9 || total
-------------------------+-------+-------+-------++-------
Melee: Falchion          |   100 |   111 |   231 ||   442
       Bite              |    13 |    12 |    32 ||    57
       Trident           |       |     5 |    53 ||    58
Throw: Javelin           |       |       |     9 ||     9
 Cast: Infusion          |     3 |     4 |     5 ||    12
       Shroud of Golubri |       |     2 |     1 ||     3
       Song of Slaying   |       |     1 |     2 ||     3
Invok: Heroism           |       |       |     1 ||     1
 Stab: Sleeping          |     2 |     3 |     7 ||    12
  Eat: Chunk             |       |     6 |     7 ||    13
Armor: Leather armour    |    23 |    37 |    63 ||   123
Dodge: Dodged            |    96 |    80 |   166 ||   342
Block: Buckler           |       |    22 |    59 ||    81
       Rpst.: Falchion   |    28 |    29 |    46 ||   103
